 Dungeon Crawl Stone Soup version 0.19-a0-1553-g64c24c3 (webtiles) character file.

18 Alarkh the Slasher (level 2, 0/22 HPs)
             Began as a Mummy Skald on Sept 14, 2016.
             Slain by a giant gecko (1 damage)
             ... on level 2 of the Dungeon.
             The game lasted 00:01:05 (1010 turns).

Alarkh the Slasher (Mummy Skald)                    Turns: 1010, Time: 00:01:06

Health: 0/22       AC:  3    Str: 15    XL:     2   Next: 48%
Magic:  5/5        EV: 11    Int: 11    God:
Gold:   116        SH:  0    Dex: 11    Spells: 1 memorised, 4 levels left

rFire  x . .     SeeInvis .     a - +0 falchion
rCold  + . .     Gourm    .     b - +0 leather armour
rNeg   + + +     Faith    .     (no shield)
rPois  ∞         Spirit   .     (no helmet)
rElec  .         Dismiss  .     (no cloak)
rCorr  .         Reflect  .     (no gloves)
MR     .....     Harm     .     (no boots)
Stlth  +.........               (no amulet)
                                (no ring)
                                (no ring)

@: confused
A: no food or potions, fire vulnerability, cold resistance 1, negative energy
resistance 3, torment resistance, unbreathing
a: no special abilities


You were on level 2 of the Dungeon.
You were not hungry.

You visited 1 branch of the dungeon, and saw 2 of its levels.

You collected 116 gold pieces.

Inventory:

Hand Weapons
 a - a +0 falchion (weapon)
Missiles
 d - 15 poisoned needles
Armour
 b - a +0 leather armour (worn)
Scrolls
 e - a scroll of random uselessness {unknown}
 f - a scroll of fear {unknown}
 g - a scroll of immolation {unknown}
 h - a scroll of identify {unknown}
Books
 c - a book of Battle

   Spells                             Type                      Level
   a - Infusion                       Charms                       1
   b - Shroud of Golubria             Charms/Translocation         2
   c - Song of Slaying                Charms                       2
   d - Spectral Weapon                Hexes/Charms                 3
   e - Regeneration                   Charms/Necromancy            3


   Skills:
 - Level 2.0 Fighting
 + Level 2.5 Long Blades
 - Level 0.7 Armour
 - Level 0.7 Dodging
 - Level 2.0 Spellcasting
 - Level 2.4 Charms


You had 4 spell levels left.
You knew the following spells:

 Your Spells              Type           Power        Failure   Level  Hunger
a - Infusion              Chrm           #...         17%         1    N/A

Dungeon Overview and Level Annotations

Branches:
Dungeon (2/15)

Altars:

Annotations:
D:2 Ijyb


Innate Abilities, Weirdness & Mutations

You do not eat or drink.
Your flesh is vulnerable to fire.
You are immune to poison.
Your flesh is cold resistant. (rC+)
You are immune to negative energy. (rN+++)
You are immune to unholy pain and torment.
You can survive without breathing.


Message History

You are more confused.
You bump into the rock wall.
Ijyb zaps a wand.
You are more confused.
You bump into the rock wall.
A giant gecko comes into view.
The giant gecko hisses angrily.
Found 7 curare-tipped needles.
You see here a green potion.
The giant gecko closely misses you.
You bump into the rock wall.
The giant gecko bites you.
* * * LOW HITPOINT WARNING * * *
Ijyb screams, "I no like you!"
Ijyb zaps a wand.
You resist with significant effort.
You bump into the rock wall.
The giant gecko barely misses you. Ijyb screams, "I cut your head off!"
You bump into the rock wall.
The giant gecko closely misses you.
Ijyb zaps a wand.
You are more confused.
The giant gecko bites you.
You die...

#..# ##.# #.#
#.# #.# #.#
#.#
######g###...
#...l@g.......
#.####.####.##
#.# #.# ..#
... #.# ..


You could see Ijyb, a giant gecko and a hobgoblin.

Vanquished Creatures
  A dart slug (D:1)
  2 bats (D:1)
  2 giant cockroaches
  4 goblins (D:1)
  A hobgoblin (D:1)
  A kobold (D:1)
  A frilled lizard (D:1)
  2 rats (D:1)
14 creatures vanquished.

Notes
Turn   | Place    | Note
-------+----------+-------------------------------------------
     0 | D:1      | Alarkh the Mummy Skald began the quest for the Orb.
     0 | D:1      | Reached XP level 1. HP: 16/16 MP: 3/3
   137 | D:1      | Reached XP level 2. HP: 22/22 MP: 1/5
   903 | D:2      | Noticed Ijyb
   979 | D:2      | HP: 1/22 [Ijyb/dagger (1)]
  1008 | D:2      | HP: 1/22 [giant gecko (2)]
  1010 | D:2      | Slain by a giant gecko

Vault maps used:
D:1:      dpeg_arrival_concentric_ovals, minmay_misc_feat_more_columns,
          st_stairs_9
D:2:      zin_statuary, serial_bayou_crossing, uniq_iyjb

Skill      XL: |  1 |
---------------+----+-----
Long Blades    | 2 |  2.5
Fighting       | |  2.0
Armour         | |  0.7
Dodging        | |  0.7
Spellcasting   | |  2.0
Charms         | |  2.4

Action                   || total
-------------------------++-------
Melee: Falchion          ||    52
 Cast: Infusion          ||     6
Armor: Leather armour    ||    13
Dodge: Dodged            ||    34
